 Dungeon Crawl Stone Soup version 0.32-a0-33-g74fbe469d6 (webtiles) character file.

Game seed: 6078848528115694829

529 Getoffmy the Trooper (level 7, -1/75 HPs)
             Began as an Oni Fighter on Jan 21, 2024.
             Was an Initiate of Hepliaklqana.
             Slain by an orc priest
             ... wielding a +0 short sword
              (2 damage)
             ... on level 3 of the Dungeon.
             The game lasted 00:05:19 (3605 turns).

Getoffmy the Trooper (Oni Fighter)                  Turns: 3605, Time: 00:05:19

Health: -1/75      AC:  3    Str: 23    XL:     7   Next: 24%
Magic:  7/7        EV:  8    Int:  9    God:    Hepliaklqana [......]
Gold:   63         SH:  7    Dex:  8    Spells: 6/6 levels left

rFire   . . .        a - +0 war axe
rCold   . . .        c - +0 kite shield
rNeg    . . .        d - +0 robe
rPois   .            (helmet restricted)
rElec   .            (no cloak)
rCorr   .            (gloves unavailable)
SInv    .            (boots unavailable)
Will    .....        (no amulet)
Stlth   +            (no ring)
HPRegen 0.32/turn    (no ring)
MPRegen 0.10/turn

%: no passive effects
@: no status effects
A: large, unfitting armour, horns 1, tough skin 1, double potion healing,
drunken brawling
a: Renounce Religion


You were on level 3 of the Dungeon.
You worshipped Hepliaklqana.
Hepliaklqana was noncommittal.
You visited 1 branch of the dungeon, and saw 4 of its levels.

You collected 63 gold pieces.

Inventory:

Hand Weapons
 a - a +0 war axe (weapon)
Missiles
 e - 16 stones (quivered)
 h - 4 javelins
 m - 15 poisoned darts
Armour
 c - a +0 kite shield (worn)
 d - a +0 robe (worn)
Scrolls
 f - a scroll of butterflies {unknown}
 i - 3 scrolls of teleportation {unknown}
 j - a scroll of vulnerability {unknown}
 l - 2 scrolls of fear {unknown}
 o - a scroll of blinking {unknown}
 q - a scroll of enchant armour {unknown}
 s - 2 scrolls of identify {unknown}
Potions
 b - a potion of berserk rage {unknown}
 g - a potion of curing
 k - a potion of haste {unknown}
 n - a potion of heal wounds {unknown}
 p - a potion of lignification {unknown}
 r - a potion of mutation {unknown}


   Skills:
 + Level 6.3 Fighting
 * Level 5.6 Axes
 + Level 3.1 Armour
 - Level 2.6 Dodging
 - Level 2.6 Shields


You had 6 spell levels left.
You didn't know any spells.
Your spell library contained the following spells:

 Spells                   Type           Power      Damage    Failure   Level
 Sting                    Conj/Alch      0%         1d3       67%         1
 Mercury Vapours          Alch/Air       0%         N/A       80%         2
 Mephitic Cloud           Conj/Alch/Air  0%         N/A       95%         3
 Olgreb's Toxic Radiance  Alch           0%         N/A       100%        4
 Freezing Cloud           Conj/Ice/Air   0%         6-21      100%        5


Dungeon Overview and Level Annotations

Branches:
Dungeon (4/15)
 Temple: D:4-7

Altars:
Hepliaklqana

Annotations:
D:3 1 runed translucent door, Crazy Yiuf
D:4 Natasha


Innate Abilities, Weirdness & Mutations

You are too large for most types of armour.
You have a pair of small horns on your head.
You have tough skin. (AC +1)
You gain doubled healing and magic from potions.
Whenever you drink a healing potion, you attack all around you.


Message History

There is a stone staircase leading down here.
You slash the sleepcap!
The sleepcap is almost destroyed.
You barely miss something.
You hit the orc priest but do no damage.
The sleepcap releases spores at you but does no damage.
The orc priest hits you with a +0 short sword.
Something hits you.
Deactivating autopickup; reactivate with Ctrl-A.
You block the sleepcap's attack. Something hits you.
The orc priest hits you with a +0 short sword.
You hit the sleepcap. You headbutt the sleepcap.
The sleepcap is almost destroyed.
You miss something.
You hit the orc priest but do no damage.
The sleepcap releases spores at you.
You are engulfed in a cloud of soporific spores!
You fall asleep.
The orc priest calls down the wrath of Beogh upon you.
Beogh smites you!
You wake up.
You hear some strange, mumbled words.
A puff of flame appears from out of thin air!
The puff of flame hits you!
* * * LOW HITPOINT WARNING * * *
You hit the sleepcap.
You destroy the sleepcap!
You miss something. You barely miss the orc priest.
You hear some strange, mumbled words.
A magic dart appears from out of thin air!
The magic dart hits you.
* * * LOW HITPOINT WARNING * * *
The orc priest calls down the wrath of Beogh upon you.
Beogh smites you!
* * * LOW HITPOINT WARNING * * *
You hit the orc priest but do no damage.
The orc priest is moderately wounded.
You hit something but do no damage. Something hits you.
* * * LOW HITPOINT WARNING * * *
The orc priest hits you with a +0 short sword.
You die...

###.# #..##.........######
.##.# #.............# ....#
###..##.........#
.##.########....##.........#
.........................#.#
############....####.#####.#
#........###.#.# #.#####.#
#.######.# #.#.## #...)...#
#.# #.# #.#{@# ######..# #.#
#.# #.#o.# #..# #.#
#.###.#..# #..#
##.######........######
#..###
#.......#####.........#
#....# ##.####.#
####.####.###.#..# ### #.#
####.####.##.###.## #.#
#...........## ##)### #.#
#.##.####.##.###.....


You could see an orc priest.

Vanquished Creatures
  Sigmund (D:2)
  A kobold brigand (D:3)
  A bombardier beetle (D:3)
  A sleepcap (D:3)
  Jessica (D:3)
  An orc wizard (D:3)
  Robin (D:2)
  3 gnolls (D:2)
  3 adders
  3 dart slugs
  A ribbon worm (D:2)
  6 orcs (D:3)
  6 bats
  5 endoplasms
  2 giant cockroaches
  5 hobgoblins
  11 jackals (D:1)
  6 quokkas
  A ball python (D:1)
  2 frilled lizards
  15 goblins
  19 kobolds
  4 rats
99 creatures vanquished.

Notes
Turn   | Place    | Note
-------+----------+-------------------------------------------
     0 | D:1      | Getoffmy the Oni Fighter began the quest for the Orb.
     0 | D:1      | Reached XP level 1. HP: 24/24 MP: 1/1
   106 | D:1      | Reached XP level 2. HP: 32/32 MP: 2/2
   435 | D:1      | Reached XP level 3. HP: 33/40 MP: 3/3
   532 | D:1      | Reached skill level 1 in Armour
  1088 | D:2      | Reached XP level 4. HP: 37/49 MP: 4/4
  1551 | D:2      | Noticed Sigmund
  1577 | D:2      | Killed Sigmund
  1578 | D:2      | Reached skill level 5 in Fighting
  1578 | D:2      | Reached XP level 5. HP: 43/58 MP: 5/5
  1578 | D:2      | Reached XP level 6. HP: 49/66 MP: 6/6
  1860 | D:2      | Noticed Robin
  1871 | D:2      | Killed Robin
  1921 | D:2      | Found a hazy altar of Hepliaklqana.
  2192 | D:3      | Found a faded altar of an unknown god.
  2198 | D:3      | Reached skill level 5 in Axes
  2355 | D:2      | Became a worshipper of Hepliaklqana the Forgotten
  2485 | D:3      | Identified the +3 spear of Fortitude {drain, Int-2 Dex+6}
  2717 | D:3      | Reached skill level 6 in Fighting
  2884 | D:3      | Noticed Jessica
  2895 | D:3      | Killed Jessica
  3011 | D:3      | Reached XP level 7. HP: 41/75 MP: 7/7
  3256 | D:3      | Found a runed translucent door.
  3257 | D:3      | Noticed Crazy Yiuf
  3556 | D:4      | Noticed Natasha
  3604 | D:3      | HP: 3/75 [orc priest/divine providence (11)]
  3605 | D:3      | HP: 1/75 [something (2)]
  3605 | D:3      | Slain by an orc priest

Illustrated notes

Levels and vault maps discovered:
D:1:      dpeg_arrival_prison, layout_loops_corners, kennysheep_doodads
D:2:      layout_loops_cross, basic_altar, minmay_misc_feat_rows,
          minmay_pentomino_u4, uniq_robin, uniq_sigmund
D:3:      cheibrodos_thug_alley, layout_loops_ring,
          dreamdust_ecumenical_altar_angels_and_demons, st_stairs_3,
          uniq_crazy_yiuf_cottage, uniq_jessica
D:4:      layout_basic, zin_statuary, mainiacjoe_overflow_boulevard,
          uniq_blork_the_orc, uniq_pikel, uniq_eustachio, uniq_natasha

Skill      XL: |  1  2  3  4  5  6 |
---------------+-------------------+-----
Armour         | 1 2 3 |  3.1
Axes           | 3 4 5 |  5.6
Fighting       | 5 6 |  6.3
Dodging        | |  2.6
Shields        | |  2.6

Action                     |  1- 3 |  4- 6 |  7- 9 || total
---------------------------+-------+-------+-------++-------
  Melee: War axe           |    68 |   164 |    10 ||   242
         Headbutt          |     9 |    16 |     3 ||    28
    Use: Potion            |       |     1 |     1 ||     2
 Armour: Robe              |    47 |   129 |    19 ||   195
  Dodge: Dodged            |    29 |    71 |     4 ||   104
  Block: Kite shield       |    26 |    60 |     6 ||    92

Table legend: (Time is in decaauts)
 A = Elapsed time spent in this place.
 B = Non-inter-level travel time spent in this place.
 C = Inter-level travel time spent in this place.
 D = Time resting spent in this place.
 E = Time spent auto-exploring this place.
 F = Levels seen in this place.
 G = Mean time per level.
                   A        B        C        D        E       F      G
               +--------+--------+--------+--------+--------+-----+--------+
         Total |   3712 |   3279 |    433 |    298 |   2249 |   4 |  928.0 |
       Dungeon |   3712 |   3279 |    433 |    298 |   2249 |   4 |  928.0 |
               +--------+--------+--------+--------+--------+-----+--------+

Top non-repeatable levels by time:
     D:2: 1293 daAuts
     D:3: 1288 daAuts
     D:1: 1111 daAuts
     D:4: 19 daAuts
